 Dungeon Crawl Stone Soup version 0.24-a0-235-g3f03afc (webtiles) character file.

Game seed: 7187001772493784078

143 xeno23 the Sneak (level 5, -2/34 HPs)
             Began as an Octopode Assassin on Apr 7, 2019.
             Slain by an orc
             ... wielding a +0 flail
              (8 damage)
             ... on level 3 of the Dungeon.
             The game lasted 00:05:32 (2180 turns).

xeno23 the Sneak (Octopode Assassin)                Turns: 2180, Time: 00:05:33

Health: -2/34      AC:  1    Str: 11    XL:     5   Next: 25%
Magic:  5/5        EV: 13    Int: 13    God:
Gold:   183        SH:  0    Dex: 14    Spells: 4/4 levels left

rFire    . . .     SeeInvis .   a - +2 dagger
rCold    . . .     Gourm    .   (no shield)
rNeg     . . .     Faith    .   (helmet restricted)
rPois    .         Spirit   .   (no amulet)
rElec    .         Reflect  .   (no ring)
rCorr    .         Harm     .   (no ring)
MR       .....                  (no ring)
Stlth    +++++.....             (no ring)
HPRegen  0.11/turn              (no ring)
MPRegen  0.09/turn              (no ring)
                                (no ring)
                                (no ring)

@: no status effects
A: almost no armour, stealthy swim, amphibious, 8 rings, constrict 8, camouflage
1, gelatinous body 1
a: no special abilities


You were on level 3 of the Dungeon.
You were near starving.

You visited 1 branch of the dungeon, and saw 3 of its levels.

You collected 183 gold pieces.

Inventory:

Hand Weapons
 a - a +2 dagger (weapon)
 b - a +0 blowgun
Missiles
 c - 23 poisoned needles
 d - 2 curare-tipped needles
 p - 8 needles of sleeping
Armour
 h - a +0 buckler
Scrolls
 e - a scroll of magic mapping {unknown}
 g - a scroll of teleportation {unknown}
 i - a scroll of fear {unknown}
 l - 2 scrolls of identify {unknown}
 m - a scroll of immolation {unknown}
Potions
 j - a potion of curing
 k - a potion of haste {unknown}
 n - a potion of degeneration {unknown}
 o - a potion of brilliance {unknown}
Comestibles
 f - 4 rations


   Skills:
 - Level 2.0 Fighting
 * Level 3.4 Short Blades
 - Level 2.0 Throwing
 - Level 1.0 Dodging
 + Level 7.7 Stealth
 * Level 0.3 Shields


You had 4 spell levels left.
You didn't know any spells.
Your spell library was empty.

Dungeon Overview and Level Annotations

Branches:
Dungeon (3/15)

Altars:


Innate Abilities, Weirdness & Mutations

You cannot wear most types of armour.
You are very stealthy in the water. (Stealth+)
You are amphibious.
You can wear up to eight rings at the same time.
You can use your tentacles to constrict eight enemies at once.
Your skin changes colour to match your surroundings (Stealth+).
Your rubbery body absorbs attacks. (AC +1, EV +1)


Message History

You take 7 damage.
You are too injured to fight recklessly!
You are too injured to fight recklessly!
You are too injured to fight recklessly!
You hit the orc but do no damage. Your grab misses the orc.
You constrict the orc. You hit the orc but do no damage. You grab the orc.
You constrict the orc. x2
The orc hits you but does no damage. The orc hits you with a +0 whip.
* * * LOW HITPOINT WARNING * * *
You take 6 damage.
You hit the orc. You squeeze the orc.
You kill the orc!
You constrict the orc, but do no damage.
The orc hits you with a +0 dagger.
* * * LOW HITPOINT WARNING * * *
You take 5 damage.
You hit the orc. You squeeze the orc.
You kill the orc!
The orc hits you with a +0 flail!
You die...

## #.# #############
#.###.....>.....#####
###.#.................
#..(.......#@###.#####
#.#.#.#....###o# #.# ###
#......<..###.###.###.....
##<####.#...[......<....#
#. #.......##..#)....# #
###.#####.#.#.....# #.#
#.##.......# #.# #.#
#.#.....# #.##.# ..##.####


You could see an orc.

Vanquished Creatures
  An orc priest (D:3)
  A gnoll (D:2)
  3 adders (D:2)
  An ooze (D:1)
  A worm (D:2)
  A dart slug (D:2)
  A leopard gecko (D:2)
  2 orcs (D:3)
  A ball python (D:2)
  6 giant cockroaches
  12 goblins
  5 hobgoblins
  7 jackals (D:2)
  9 kobolds
  3 bats
  4 frilled lizards
  5 rats
63 creatures vanquished.

Notes
Turn   | Place    | Note
-------+----------+-------------------------------------------
     0 | D:1      | xeno23 the Octopode Assassin began the quest for the Orb.
     0 | D:1      | Reached XP level 1. HP: 14/14 MP: 1/1
   266 | D:1      | Reached XP level 2. HP: 14/19 MP: 2/2
   445 | D:1      | Reached skill level 6 in Stealth
   913 | D:2      | Reached XP level 3. HP: 24/24 MP: 3/3
  1234 | D:2      | Reached skill level 7 in Stealth
  1234 | D:2      | Reached XP level 4. HP: 27/29 MP: 4/4
  2165 | D:3      | Reached XP level 5. HP: 29/34 MP: 5/5
  2180 | D:3      | Slain by an orc

Levels and vault maps discovered:
D:1:      minmay_arrival_shattered_statue, layout_loops_corners
D:2:      kb_forest_paths, layout_basic, minmay_fractal_squares_gapless_5
D:3:      layout_loops_ring, fedhas_altar_2,
          chequers_temple_overflow_minitemple, skrybe_limestone_x, uniq_terence

Skill      XL: |  1  2  3  4 |
---------------+-------------+-----
Stealth        | 6 7 |  7.7
Short Blades   | 3 |  3.4
Fighting       | |  2.0
Throwing       | |  2.0
Dodging        | |  1.0
Shields        | |  0.3

Action                   |  1- 3 |  4- 6 || total
-------------------------+-------+-------++-------
Melee: Dagger            |    50 |    65 ||   115
       Constrict         |    10 |    23 ||    33
       Tentacles         |     6 |    14 ||    20
  Use: Potion            |       |     1 ||     1
 Stab: Sleeping          |    15 |     8 ||    23
  Eat: Chunk             |     1 |     1 ||     2
Armor: Skin              |     1 |     2 ||     3
Dodge: Dodged            |    16 |    32 ||    48

Table legend:
 A = Non-vault XP
 B = Vault XP
 C = Vault XP percentage of total XP
 D = Non-vault monster count
 E = Vault monster count
 F = Vault count percentage of total count
                 A         B        C        D         E       F
            +---------+---------+-------+---------+---------+-------
      Total |     180 |      25 |  12.2 |      54 |       9 |  14.3
            +---------+---------+-------+---------+---------+-------
        D:1 |      33 |       0 |   0.0 |      17 |       0 |   0.0
        D:2 |      92 |      25 |  21.4 |      30 |       9 |  23.1
        D:3 |      55 |       0 |   0.0 |       7 |       0 |   0.0
            +---------+---------+-------+---------+---------+-------
